 Dungeon Sprint DCSS version 0.28-a0-2-g643f2454ad (webtiles) character file.

Game seed: 7913901555957232192

133122786 night the Heavyweight Champion (level 23, 255/255 HPs)
             Began as a Troll Fighter on July 22, 2021.
             Was an Initiate of Gozag.
             Escaped with the Orb
             ... and 17 runes!
             The game lasted 00:47:38 (13693 turns).

night the Heavyweight Champion (Troll Fighter)     Turns: 13693, Time: 00:47:39

Health: 255/255    AC: 41    Str: 36    XL:     23   Next: 50%
Magic:  52/52      EV: 15    Int:  9    God:    Gozag
Gold:   26915      SH: 21    Dex: 12    Spells: 57/57 levels left

rFire   + . .      SeeInvis +     - Unarmed
rCold   + . .      Faith    .   F - +2 kite shield {AC+3}
rNeg    + + .      Spirit   .   a - +7 gold dragon scales
rPois   +          Reflect  .   (helmet restricted)
rElec   +          Harm     .   U - +1 cloak {Will+}
rCorr   .          Rampage  .   (gloves unavailable)
Will    ++...      NoTele   +   (boots unavailable)
Stlth   ..........              X - amulet "Duol" {Regen+ MP+9}
HPRegen 2.52/turn               z - ring of Enlo {rElec Str+4 SInv}
MPRegen 0.33/turn               Y - ring "Doothruh" {Wiz rN++ Dex+3}

@: no status effects
A: large, unfitting armour, claws 3, regeneration 1, shaggy fur 1, tough skin 1,
horns 1, deterioration 1, frail 1, passive freeze, evolution 1
0: Orb of Zot
}: 17/17 runes: decaying, serpentine, barnacled, slimy, elven, silver, golden,
iron, obsidian, icy, bone, abyssal, glowing, magical, fiery, dark, gossamer
a: Renounce Religion, Potion Petition, Call Merchant, Bribe Branch


You escaped.
You worshipped Gozag.
Gozag was extremely pleased with you.
You visited 1 branch You collected 58729 gold pieces.
You spent 4105 gold pieces at shops.
You paid 27709 gold pieces to Gozag.

Inventory:

Hand Weapons
 k - a +2 morningstar of protection
 l - a +2 scimitar of flaming
Missiles
 e - 194 arrows
 o - 31 large rocks
 u - 4 curare-tipped darts
 w - 156 bolts
 x - 16 javelins
 E - 7 boomerangs
 L - 3 throwing nets
 M - 9 silver javelins (quivered)
 P - 50 stones
Armour
 a - +7 gold dragon scales (worn)
 j - a +2 cloak of preservation
 F - a +2 kite shield of protection (worn)
 U - a +1 cloak of willpower (worn)
Jewellery
 b - a +6 ring of intelligence
 m - a +3 ring of strength
 n - a +3 ring of intelligence
 y - a ring of fire
 z - the ring of Enlo (left claw) {rElec Str+4 SInv}
   (You found it in the Dungeon)

   [ring of see invisible]

   Str:       It affects your strength (+4).
   rElec:     It insulates you from electricity.
   SInv:      It lets you see invisible.
 A - a ring of willpower
 B - a ring of see invisible
 G - a +6 ring of dexterity
 H - a +6 ring of dexterity
 J - a +6 ring of strength
 O - the ring "Kesastraam" {rPois rF- Str-5 Int+8 Stlth+}
   (You found it in the Dungeon)

   [ring of poison resistance]

   Str:       It affects your strength (-5).
   Int:       It affects your intelligence (+8).
   rF:        It makes you vulnerable to fire.
   rPois:     It protects you from poison.
   Stlth:     It makes you more stealthy.
 V - a ring of Ysaxal {Wiz Str+3}
   (You found it in the Dungeon)

   [ring of wizardry]

   It improves your spell success rate.
   Str:       It affects your strength (+3).
 W - the ring of Voatuwki {+Blink rCorr}
   (You found it in the Dungeon)

   [ring of resist corrosion]

   +Blink:    It lets you blink.
   rCorr:     It protects you from acid and corrosion.
 X - the amulet "Duol" (around neck) {Regen+ MP+9}
   (You found it in the Dungeon)

   [amulet of regeneration]

   MP:        It affects your magic capacity (+9).
   Regen:     It increases your rate of health regeneration.
 Y - a ring "Doothruh" (right claw) {Wiz rN++ Dex+3}
   (You bought it in a shop in the Dungeon)

   [ring of wizardry]

   It improves your spell success rate.
   Dex:       It affects your dexterity (+3).
   rN:        It greatly protects you from negative energy.
Wands
 I - a wand of iceblast (9)
 R - a wand of paralysis (9)
Scrolls
 f - 3 scrolls of amnesia
 h - a scroll of brand weapon
 i - 5 scrolls of blinking
 s - 4 scrolls of fear
 t - a scroll of identify
 K - 8 scrolls of enchant weapon
Potions
 c - a potion of invisibility
 d - 11 potions of curing
 g - 11 potions of magic
 p - 10 potions of haste
 q - 2 potions of brilliance
 v - 2 potions of might
 C - 10 potions of heal wounds
 D - 3 potions of berserk rage
 N - a potion of flight
 Q - a potion of ambrosia
 S - 2 potions of cancellation
 T - a potion of attraction
Miscellaneous
 Z - the horn of Geryon


   Skills:
 O Level 27 Fighting
 O Level 27 Throwing
 O Level 27 Armour
 O Level 27 Dodging
 O Level 27 Shields
 O Level 27 Unarmed Combat
 + Level 17.9 Spellcasting
 - Level 15.9 Conjurations
 + Level 16.1 Necromancy
 + Level 19.2 Air Magic
 * Level 21.2 Evocations


You had 57 spell levels left.
You didn't know any spells.
Your spell library contained the following spells:

 Spells                   Type           Power      Damage    Failure   Level
 Magic Dart               Conj           100%       1d8       1%          1
 Mephitic Cloud           Conj/Pois/Air  29%        N/A       1%          3
 Call Imp                 Summ           8%         N/A       16%         2


Dungeon Overview and Level Annotations

Branches:
Dungeon (1/1)

Altars:
Cheibriados
Dithmenos
Elyvilon
Fedhas
Gozag
Hepliaklqana
Kikubaaqudgha
Makhleb
Nemelex Xobeh
Okawaru
Qazlal
Ru
Sif Muna
Trog
Uskayaw
Vehumet
Wu Jian
Xom
Yredelemnul
Zin
The Shining One
Beogh
Jiyva
Lugonu

Shops:
D ([(:=[*[[[*?[*


Innate Abilities, Weirdness & Mutations

You are too large for most types of armour.
You have claws for hands.
Your natural rate of healing is unusually fast.
You are covered in fur. (AC +1)
You have tough skin. (AC +1)
You have a pair of small horns on your head.
Your body sometimes deteriorates upon taking damage.
You are frail. (-10% HP)
A frigid envelope surrounds you and freezes all who hurt you.
You evolve.


Message History

You see here a +0 shortbow.
You see here a +0 longbow.
There is an open door, spattered with blood here.
Things that are here:
a +0 robe; a +0 dagger
There is an open door to the Dungeon, spattered with blood here.
You see here a +1 chain mail.
You see here a +0 pair of boots.
You see here a +0 helmet.
Items here: )))).
There is an open door, spattered with blood here.
There is a glowing golden altar of the Shining One here.
There is a glowing silver altar of Zin here.
There is a basalt altar of Yredelemnul here.
There is a shimmering altar of Xom here.
There is an ornate altar of the Wu Jian Council here.
There is a radiant altar of Vehumet here.
There is a hide-covered altar of Uskayaw here.
There is a bloodstained altar of Trog here.
There is a shimmering blue altar of Sif Muna here.
There is a sacrificial altar of Ru here.
There is a stormy altar of Qazlal here.
There is an iron altar of Okawaru here.
There is a sparkling altar of Nemelex Xobeh here.
There is a burning altar of Makhleb here.
There is a corrupted altar of Lugonu here.
There is an ancient bone altar of Kikubaaqudgha here.
There is a hazy altar of Hepliaklqana here.
There is an opulent altar of Gozag here.
There is a blossoming altar of Fedhas here.
There is a white marble altar of Elyvilon here.
There is a shadowy altar of Dithmenos here.
There is a snail-covered altar of Cheibriados here.
There is a roughly hewn altar of Beogh here.
There is an open door to the Temple here.
There is an open door here.
There is an open door to the Dungeon, spattered with blood here.
You see here a +0 giant spiked club.
There is a staircase leading out of the dungeon, spattered with blood here.
You have escaped!

▓▓▓▓▓▓▓▓▓▓▓▓▓▓▓▓▓▓
▓@▓...▓...▓...▓...
▓)▓.▓.▓.▓.▓.▓.▓.▓.
▓.▓.▓.▓.▓.▓.▓.▓.▓.
▓.▓.▓.▓.▓.▓.▓.▓.▓.
▓'▓.▓.▓.▓[▓.▓.▓.▓.
▓.▓.▓.▓.▓.▓.▓.▓.▓.
▓.▓.▓.▓.▓[▓.▓.▓.▓.
▓.▓.▓'▓.▓.▓.▓.▓.▓.
▓.▓.▓.▓.▓.▓.▓.▓.▓.


There were no monsters in sight!

Vanquished Creatures
  Cerebov (D)
  Asmodeus (D)
  Antaeus (D)
  the Royal Jelly (D)
  Gloorx Vloq (D)
  Ereshkigal (D)
  Lom Lobon (D)
  Mnoleg (D)
  5 orbs of fire (D)
  5 ancient liches (D)
  Dispater (D)
  Mara (D)
  6 royal mummies (D)
  Sojobo (D)
  Boris (D)
  Margery (D)
  Xtahua (D)
  Frederick (D)
  Saint Roka (D)
  Nikola (D)
  Geryon (D)
  4 golden dragons (D)
  A Tzitzimitl (D)
  A bone dragon (D)
  4 electric golems (D)
  2 Brimstone Fiends (D)
  2 liches (D)
  2 Hell Sentinels (D)
  2 titans (D)
  34 Orb Guardians (D)
  5 tentacled monstrosities (D)
  3 Ice Fiends (D)
  A deep elf blademaster (D)
  A deep elf master archer (D)
  2 quicksilver dragons (D)
  7 acid blobs (D)
  2 death cobs (D)
  4 pandemonium lords (D)
  Frances (D)
  2 Executioners (D)
  13 sphinxes (D)
  4 storm dragons (D)
  7 shadow dragons (D)
  5 nagarajas (D)
  Agnes (D)
  A draconian monk (D)
  6 azure jellies (D)
  4 tengu reavers (D)
  4 rockslimes (D)
  Ilsuiw (D)
  3 draconian scorchers (D)
  3 ghost moths (D)
  A vault warden (D)
  2 deep elf sorcerers (D)
  3 draconian stormcallers (D)
  4 frost giants (D)
  Aizul (D)
  5 emperor scorpions (D)
  6 quicksilver oozes (D)
  2 draconian shifters (D)
  A draconian annihilator (D)
  A reaper (D)
  5 ironbound preservers (D)
  2 stone giants (D)
  6 very ugly things (D)
  Azrael (D)
  8 vampire knights (D)
  4 deep elf demonologists (D)
  4 green draconians (D)
  Nessos (D)
  2 purple draconians (D)
  3 yellow draconians (D)
  2 red draconians (D)
  4 black draconians (D)
  3 white draconians (D)
  A dire elephant (shapeshifter) (D)
  Snorg (D)
  A blizzard demon (D)
  3 mummy priests (D)
  3 ettins (D)
  3 merfolk javelineers (D)
  3 deep elf death magi (D)
  5 fire dragons (D)
  5 deep elf high priests (D)
  3 yaktaur captains (D)
  2 eleionomae (D)
  3 great orbs of eyes (D)
  Josephine (D)
  An ice dragon (shapeshifter) (D)
  4 merfolk impalers (D)
  4 ice dragons (D)
  A rakshasa (D)
  4 centaur warriors (D)
  An ironbound thunderhulk (D)
  2 spriggan air magi (D)
  25 vault guards (D)
  2 naga warriors (D)
  A catoblepas (D)
  2 merfolk avatars (D)
  7 hydras (D)
  A ghost crab (D)
  3 merfolk aquamancers (D)
  Erica (D)
  5 death yaks (D)
  4 hell hogs (D)
  A deep troll earth mage (D)
  A spriggan berserker (D)
  4 tengu warriors (D)
  2 thrashing horrors (D)
  A sun demon (D)
  Sonja (D)
  A soul eater (D)
  5 hell knights (D)
  A flayed ghost (D)
  A sea snake (D)
  2 sixfirhies (D)
  3 shadow demons (D)
  2 infernal demonspawn (D)
  6 swamp dragons (D)
  2 ironbound convokers (D)
  3 wizards (D)
  8 orc knights (D)
  A bog body (D)
  A necromancer (D)
  2 ugly things (D)
  A salamander (shapeshifter) (D)
  2 orb spiders (D)
  2 wolf spiders (D)
  4 cyclopes (D)
  2 will-o-the-wisps (D)
  A manticore (D)
  10 moths of wrath (D)
  2 salamanders (D)
  4 naga magi (D)
  3 guardian serpents (D)
  A rust devil (D)
  3 black mambas (D)
  3 cane toads (D)
  A smoke demon (D)
  A water nymph (D)
  2 vault sentinels (D)
  A rime drake (D)
  A hellion (D)
  2 ice devils (D)
  2 komodo dragons (D)
  A tormentor (D)
  A tengu conjurer (D)
  2 demonic crawlers (D)
  19 guardian mummies (D)
  2 red devils (D)
  A wandering mushroom (D)
  2 hellwings (D)
  4 merfolk (D)
  A polar bear (D)
  A blink frog (D)
  3 trolls (D)
  A meliai (D)
  A hornet (D)
  2 tyrant leeches (D)
  2 slime creatures (D)
  2 snapping turtles (D)
  2 large abominations (D)
  11 spriggans (D)
  3 wraiths (D)
  2 tarantellas (D)
  3 redbacks (D)
  A water elemental (D)
  A ynoxinul (D)
  4 fire elementals (D)
  3 yaks (D)
  4 golden eyes (D)
  2 neqoxecs (D)
  3 nagas (D)
  A warg (D)
  2 hell hounds (D)
  5 water moccasins (D)
  A floating eye (D)
  A swamp drake (D)
  19 orc warriors (D)
  2 small abominations (D)
  A wolf (D)
  A boggart (D)
  An ogre (D)
  2 bullfrogs (D)
  A killer bee (D)
  A crimson imp (D)
  A quasit (D)
  An iron imp (D)
  2 orc priests (D)
  6 orc wizards (D)
  An adder (D)
  A white imp (D)
  A dart slug (D)
  11 orcs (D)
  2 ball pythons (D)
  A bat (D)
  An endoplasm (D)
  A hobgoblin (D)
  A giant cockroach zombie (D)
  A quokka zombie (D)
  5 ball lightnings (D)
593 creatures vanquished.

Vanquished Creatures (others)
  A spriggan druid (D)
  A tyrant leech (D)
  14 ball lightnings (D)
16 creatures vanquished.

Grand Total: 609 creatures vanquished

Notes
Turn   | Place    | Note
-------+----------+-------------------------------------------
     0 | D        | night the Troll Fighter began the quest for the Orb.
     0 | D        | Reached XP level 1. HP: 22/22 MP: 0/0
    19 | D        | Banished a spatial maelstrom
   126 | D        | Noticed an ogre
   126 | D        | HP: 1/22 [ogre (21)]
   142 | D        | Killed an ogre
   143 | D        | Reached XP level 2. HP: 17/29 MP: 1/1
   143 | D        | Reached XP level 3. HP: 21/36 MP: 2/2
   143 | D        | Reached XP level 4. HP: 26/44 MP: 3/3
   158 | D        | Reached skill level 5 in Shields
   184 | D        | Found a snail-covered altar of Cheibriados.
   184 | D        | Found a shadowy altar of Dithmenos.
   184 | D        | Found a white marble altar of Elyvilon.
   184 | D        | Found a blossoming altar of Fedhas.
   184 | D        | Found an opulent altar of Gozag.
   185 | D        | Found a hazy altar of Hepliaklqana.
   186 | D        | Found a viscous altar of Jiyva.
   187 | D        | Found an ancient bone altar of Kikubaaqudgha.
   188 | D        | Found a corrupted altar of Lugonu.
   189 | D        | Found a burning altar of Makhleb.
   190 | D        | Found a sparkling altar of Nemelex Xobeh.
   191 | D        | Found an iron altar of Okawaru.
   192 | D        | Became a worshipper of Gozag Ym Sagoz the Greedy
   193 | D        | Found a stormy altar of Qazlal.
   194 | D        | Found a sacrificial altar of Ru.
   195 | D        | Found a shimmering blue altar of Sif Muna.
   196 | D        | Found a bloodstained altar of Trog.
   197 | D        | Found a hide-covered altar of Uskayaw.
   198 | D        | Found a radiant altar of Vehumet.
   199 | D        | Found an ornate altar of the Wu Jian Council.
   200 | D        | Found a shimmering altar of Xom.
   201 | D        | Found a basalt altar of Yredelemnul.
   202 | D        | Found a glowing silver altar of Zin.
   203 | D        | Found a glowing golden altar of the Shining One.
   230 | D        | Noticed a troll
   230 | D        | Noticed a troll
   230 | D        | Noticed a troll
   232 | D        | Reached XP level 5. HP: 47/50 MP: 4/4
   237 | D        | Killed a troll
   238 | D        | Reached XP level 6. HP: 14/59 MP: 5/5
   265 | D        | Killed a troll
   266 | D        | Reached skill level 12 in Unarmed Combat
   266 | D        | Reached XP level 7. HP: 35/66 MP: 6/6
   267 | D        | HP: 8/66 [troll (12)]
   314 | D        | Killed a troll
   377 | D        | Noticed a centaur warrior
   377 | D        | Noticed a centaur warrior
   377 | D        | Noticed a komodo dragon
   377 | D        | Noticed a manticore
   377 | D        | Noticed a cyclops
   377 | D        | Noticed a red ugly thing
   389 | D        | HP: 8/66 [centaur warrior (12)]
   391 | D        | Killed a centaur warrior
   392 | D        | Reached skill level 14 in Unarmed Combat
   392 | D        | Reached XP level 8. HP: 11/74 MP: 7/7
   397 | D        | Killed a centaur warrior
   398 | D        | Reached skill level 10 in Shields
   398 | D        | Reached XP level 9. HP: 29/80 MP: 8/8
   401 | D        | HP: 6/80 [komodo dragon (26)]
   402 | D        | Killed a komodo dragon
   403 | D        | Reached skill level 16 in Unarmed Combat
   404 | D        | Killed a manticore
   404 | D        | Killed a cyclops
   409 | D        | Killed a red ugly thing
   572 | D        | Noticed a four-headed hydra
   576 | D        | Noticed a komodo dragon
   579 | D        | Noticed a four-headed hydra
   581 | D        | Reached skill level 1 in Evocations
   583 | D        | Reached XP level 10. HP: 69/91 MP: 9/9
   586 | D        | Killed a one-headed hydra
   587 | D        | Reached skill level 18 in Unarmed Combat
   587 | D        | Reached skill level 2 in Evocations
   654 | D        | Killed a one-headed hydra
   655 | D        | Reached skill level 5 in Fighting
   712 | D        | Noticed a cane toad
   712 | D        | Noticed a cane toad
   716 | D        | Killed a cane toad
   719 | D        | Noticed a cane toad
   725 | D        | Killed a cane toad
   735 | D        | Killed a cane toad
   736 | D        | Reached skill level 5 in Evocations
   782 | D        | Noticed a death yak
   782 | D        | Noticed a death yak
   782 | D        | Noticed a death yak
   782 | D        | Noticed a catoblepas
   784 | D        | Noticed a death yak
   787 | D        | Killed a death yak
   788 | D        | Reached XP level 11. HP: 107/107 MP: 10/10
   788 | D        | Noticed a death yak
   793 | D        | Killed a death yak
   808 | D        | Killed a death yak
   809 | D        | Reached skill level 20 in Unarmed Combat
   875 | D        | Killed a catoblepas
   890 | D        | Killed a death yak
   895 | D        | Killed a death yak
   993 | D        | Noticed Josephine
  1005 | D        | Killed Josephine
  1085 | D        | Noticed Erica
  1095 | D        | Killed Erica
  1225 | D        | Noticed an orc knight
  1245 | D        | Killed an orc knight
  1344 | D        | Found Juzxau Nuni's Weapon Emporium.
  1344 | D        | Noticed an orc knight
  1350 | D        | Noticed an orc knight
  1352 | D        | Noticed an orc knight
  1353 | D        | Killed an orc knight
  1354 | D        | Reached XP level 12. HP: 96/124 MP: 11/11
  1356 | D        | Found Daigefa's Antique Armour Shoppe.
  1365 | D        | Found Juycwu Fuur's Weapon Emporium.
  1532 | D        | Found Aqeuwaeg's Book Shoppe.
  1551 | D        | Reached skill level 10 in Fighting
  1606 | D        | Bought glowing ice dragon scales for 1701 gold pieces
  1755 | D        | Noticed a centaur warrior
  1755 | D        | Noticed a centaur warrior
  1760 | D        | Killed a centaur warrior
  1761 | D        | Reached skill level 1 in Armour
  1773 | D        | Reached skill level 2 in Armour
  1783 | D        | Killed a centaur warrior
  1788 | D        | Noticed a frost giant
  1792 | D        | Noticed an ettin
  1799 | D        | Noticed an ice dragon
  1803 | D        | Killed a frost giant
  1804 | D        | Noticed a fire dragon
  1807 | D        | Killed an ettin
  1808 | D        | Reached skill level 5 in Dodging
  1827 | D        | Killed an ice dragon
  1830 | D        | Killed a fire dragon
  1831 | D        | Reached skill level 5 in Armour
  1947 | D        | Bought a +1 cloak of willpower for 165 gold pieces
  1975 | D        | Noticed Saint Roka
  1996 | D        | Killed Saint Roka
  1997 | D        | Reached XP level 13. HP: 66/137 MP: 9/12
  2118 | D        | Noticed Sonja
  2131 | D        | Killed Sonja
  2212 | D        | Noticed a merfolk impaler
  2228 | D        | Killed a merfolk impaler
  2243 | D        | Reached skill level 12 in Fighting
  2401 | D        | Noticed an eleionoma
  2409 | D        | Killed an eleionoma
  2412 | D        | Reached skill level 24 in Unarmed Combat
  2497 | D        | Noticed a nagaraja
  2514 | D        | Killed a nagaraja
  2531 | D        | HP: 10/141 [salamander (12)]
  2658 | D        | Noticed Nessos
  2668 | D        | Killed Nessos
  2705 | D        | Noticed Aizul
  2715 | D        | Killed Aizul
  2775 | D        | Noticed a stone giant
  2775 | D        | Noticed a purple very ugly thing
  2775 | D        | Noticed a frost giant
  2775 | D        | Noticed a fire dragon
  2783 | D        | Killed a stone giant
  2785 | D        | Killed a purple very ugly thing
  2788 | D        | Killed a frost giant
  2789 | D        | Reached XP level 14. HP: 79/153 MP: 7/13
  2789 | D        | Noticed a fire giant
  2790 | D        | a fire giant changed into an eleionoma
  2796 | D        | Noticed a sphinx
  2796 | D        | an eleionoma changed into a sphinx
  2840 | D        | HP: 5/153 [fire dragon/blast of flame (42)]
  2849 | D        | Reached skill level 10 in Dodging
  2850 | D        | Noticed a fenstrider witch
  2870 | D        | Noticed an azure jelly
  2877 | D        | an azure jelly changed into an iron troll
  2959 | D        | Noticed a golden dragon
  3075 | D        | Reached skill level 10 in Armour
  3143 | D        | Noticed a frost giant
  3164 | D        | Killed a frost giant
  3165 | D        | Reached skill level 14 in Fighting
  3254 | D        | Noticed an ironbound preserver
  3255 | D        | Noticed a white very ugly thing
  3255 | D        | Noticed an ironbound preserver
  3262 | D        | Killed an ironbound preserver
  3263 | D        | Reached skill level 26 in Unarmed Combat
  3266 | D        | Killed a white very ugly thing
  3275 | D        | Killed an ironbound preserver
  3280 | D        | Noticed a sphinx
  3285 | D        | Noticed an ironbound preserver
  3290 | D        | Noticed an ironbound preserver
  3304 | D        | Killed a sphinx
  3312 | D        | Killed an ironbound preserver
  3318 | D        | Killed an ironbound preserver
  3330 | D        | Reached skill level 12 in Dodging
  3330 | D        | Paralysed by a great orb of eyes for 3 turns
  3374 | D        | Bought a +2 kite shield of protection for 344 gold pieces
  3631 | D        | Noticed Snorg
  3632 | D        | Noticed a tengu reaver
  3635 | D        | Killed a tengu reaver
  3636 | D        | Noticed Sojobo
  3640 | D        | Killed Snorg
  3641 | D        | Reached skill level 12 in Armour
  3642 | D        | Reached skill level 27 in Unarmed Combat
  3642 | D        | Noticed Margery
  3658 | D        | Killed Sojobo
  3659 | D        | Reached XP level 15. HP: 162/167 MP: 14/14
  3668 | D        | Killed Margery
  3676 | D        | Reached skill level 16 in Fighting
  3752 | D        | Killed a ghost moth
  3757 | D        | Killed a ghost moth
  3762 | D        | Killed a ghost moth
  3763 | D        | Reached skill level 14 in Dodging
  3776 | D        | Reached skill level 14 in Armour
  3782 | D        | HP: 25/171 [poisoned by a redback]
  3787 | D        | HP: 17/171 [poisoned by a redback]
  3792 | D        | HP: 19/171 [poisoned by a redback]
  3921 | D        | Got a gossamer rune of Zot
  3945 | D        | Noticed Ilsuiw
  3966 | D        | Killed Ilsuiw
  4012 | D        | Got a barnacled rune of Zot
  4039 | D        | Noticed a nagaraja
  4039 | D        | Noticed a nagaraja
  4040 | D        | Noticed a nagaraja
  4041 | D        | Noticed a nagaraja
  4042 | D        | Killed a nagaraja
  4044 | D        | Killed a nagaraja
  4045 | D        | Reached skill level 18 in Fighting
  4045 | D        | Reached skill level 16 in Dodging
  4057 | D        | Killed a nagaraja
  4058 | D        | Reached skill level 16 in Armour
  4077 | D        | Reached XP level 16. HP: 82/185 MP: 15/15
  4146 | D        | Got a serpentine rune of Zot
  4221 | D        | Reached skill level 12 in Shields
  4247 | D        | Got a decaying rune of Zot
  4297 | D        | Noticed Mara
  4307 | D        | Killed Mara
  4327 | D        | Noticed Boris
  4336 | D        | Killed Boris
  4420 | D        | Reached skill level 18 in Dodging
  4433 | D        | Reached skill level 18 in Armour
  4450 | D        | Reached skill level 14 in Shields
  4460 | D        | Reached skill level 20 in Fighting
  4556 | D        | Noticed a tengu reaver
  4574 | D        | Killed a tengu reaver
  4589 | D        | Identified the ring "Kesastraam" {rPois rF- Str-5 Int+8
                  | Stlth+}
  4589 | D        | Noticed a shadow dragon
  4593 | D        | Noticed a tengu reaver
  4597 | D        | Noticed a shadow dragon
  4600 | D        | HP: 21/195 [stone giant (27)]
  4610 | D        | Reached XP level 17. HP: 73/204 MP: 16/16
  4722 | D        | Noticed a golden dragon
  4722 | D        | Noticed a titan
  4722 | D        | Noticed a titan
  4729 | D        | Killed a golden dragon
  4730 | D        | Reached skill level 16 in Shields
  4730 | D        | Noticed a quicksilver dragon
  4746 | D        | Killed a titan
  4749 | D        | Killed a titan
  4750 | D        | Reached skill level 20 in Dodging
  4756 | D        | Killed a quicksilver dragon
  4757 | D        | Reached skill level 20 in Armour
  4799 | D        | Got a silver rune of Zot
  4823 | D        | Bought a scroll of enchant armour for 217 gold pieces
  4823 | D        | Bought a scroll of identify for 58 gold pieces
  4823 | D        | Bought 2 amethyst potions for 52 gold pieces
  4823 | D        | Bought a scroll labelled KOLEKY CUKH for 29 gold pieces
  4836 | D        | Noticed Agnes
  4846 | D        | Killed Agnes
  4865 | D        | Noticed Azrael
  4874 | D        | Killed Azrael
  4915 | D        | Noticed Frances
  4920 | D        | Killed Frances
  4927 | D        | Noticed Xtahua
  4935 | D        | Killed Xtahua
  4944 | D        | Noticed Nikola
  4951 | D        | HP: 19/208 [Nikola/arc of chain lightning (100)]
  4952 | D        | Killed Nikola
  5060 | D        | Got a ring of Ysaxal {Wiz Str+3}
  5062 | D        | Got the ring of Voatuwki {+Blink rCorr}
  5064 | D        | Got the amulet "Duol" {Regen+ MP+9}
  5073 | D        | Got the amulet of Cowardice {RegenMP rC- rN+ Will+ Dex+8}
  5076 | D        | Got the ring of Enlo {rElec Str+4 SInv}
  5262 | D        | Noticed Frederick
  5274 | D        | Killed Frederick
  5280 | D        | Bought a scroll of enchant armour for 135 gold pieces
  5280 | D        | Bought a scroll of enchant armour for 135 gold pieces
  5319 | D        | Reached skill level 18 in Shields
  5383 | D        | Noticed a bone dragon
  5403 | D        | Killed a bone dragon
  5404 | D        | Reached XP level 18. HP: 221/221 MP: 17/17
  5462 | D        | Noticed a tentacled monstrosity
  5466 | D        | Killed a tentacled monstrosity
  5585 | D        | Noticed a golden dragon
  5585 | D        | Noticed an electric golem
  5608 | D        | Killed a golden dragon
  5617 | D        | Killed an electric golem
  5640 | D        | Reached skill level 20 in Shields
  5721 | D        | Noticed a tentacled monstrosity
  5739 | D        | Killed a tentacled monstrosity
  5740 | D        | Reached skill level 24 in Fighting
  5799 | D        | Noticed a tentacled monstrosity
  5799 | D        | Noticed a tentacled monstrosity
  5813 | D        | Killed a tentacled monstrosity
  5823 | D        | Killed a tentacled monstrosity
  5950 | D        | Noticed an Orb Guardian
  5950 | D        | Noticed an Orb Guardian
  5950 | D        | Noticed an Orb Guardian
  5950 | D        | Noticed an Orb Guardian
  5950 | D        | Noticed an Orb Guardian
  5950 | D        | Noticed an Orb Guardian
  5951 | D        | Killed an Orb Guardian
  5952 | D        | Noticed an Orb Guardian
  5956 | D        | Killed an Orb Guardian
  5957 | D        | Noticed an Orb Guardian
  5961 | D        | Killed an Orb Guardian
  5962 | D        | Killed an Orb Guardian
  5962 | D        | Noticed an Orb Guardian
  5966 | D        | Killed an Orb Guardian
  5966 | D        | Noticed an Orb Guardian
  5968 | D        | Killed an Orb Guardian
  5971 | D        | Killed an Orb Guardian
  5975 | D        | Killed an Orb Guardian
  5976 | D        | Reached skill level 24 in Dodging
  5976 | D        | Reached XP level 19. HP: 234/237 MP: 18/18
  5983 | D        | Reached skill level 24 in Armour
  6014 | D        | Noticed a golden dragon
  6021 | D        | Killed a golden dragon
  6084 | D        | Noticed an ancient lich
  6089 | D        | Killed an ancient lich
  6090 | D        | Reached skill level 26 in Fighting
  6092 | D        | Noticed an orb of fire
  6101 | D        | Killed an orb of fire
  6105 | D        | Noticed an electric golem
  6120 | D        | Killed an electric golem
  6178 | D        | Noticed an orb of fire
  6178 | D        | Noticed an electric golem
  6178 | D        | Noticed an electric golem
  6178 | D        | Noticed an orb of fire
  6181 | D        | Killed an orb of fire
  6186 | D        | Gained mutation: Your body sometimes deteriorates upon
                  | taking damage. [an orb of fire]
  6192 | D        | Noticed an orb of fire
  6192 | D        | Gained mutation: You evolve. [an orb of fire]
  6194 | D        | Killed an orb of fire
  6203 | D        | Noticed an ancient lich
  6206 | D        | Killed an orb of fire
  6206 | D        | Noticed an orb of fire
  6210 | D        | Killed an electric golem
  6211 | D        | Reached skill level 26 in Dodging
  6213 | D        | Reached skill level 27 in Fighting
  6213 | D        | Reached skill level 26 in Armour
  6213 | D        | Reached skill level 24 in Shields
  6216 | D        | Noticed an ancient lich
  6221 | D        | Noticed a golden dragon
  6224 | D        | Killed an ancient lich
  6231 | D        | Gained mutation: A frigid envelope surrounds you and
                  | freezes all who hurt you. [an orb of fire]
  6232 | D        | Killed an orb of fire
  6233 | D        | Reached XP level 20. HP: 256/256 MP: 19/19
  6235 | D        | Killed an ancient lich
  6244 | D        | Killed a golden dragon
  6245 | D        | Reached skill level 27 in Armour
  6245 | D        | Reached skill level 27 in Dodging
  6293 | D        | Reached skill level 26 in Shields
  6315 | D        | Reached skill level 27 in Shields
  6315 | D        | Reached skill level 1 in Throwing
  6315 | D        | Reached skill level 1 in Spellcasting
  6315 | D        | Reached skill level 1 in Conjurations
  6315 | D        | Reached skill level 1 in Air Magic
  6323 | D        | Reached skill level 2 in Spellcasting
  6323 | D        | Reached skill level 2 in Conjurations
  6323 | D        | Reached skill level 2 in Air Magic
  6340 | D        | Reached skill level 5 in Throwing
  6353 | D        | Reached skill level 5 in Conjurations
  6358 | D        | Reached skill level 5 in Air Magic
  6483 | D        | Noticed an ancient lich
  6487 | D        | Killed an ancient lich
  6488 | D        | Reached skill level 5 in Spellcasting
  6488 | D        | Noticed an ancient lich
  6507 | D        | Killed an ancient lich
  6508 | D        | Reached skill level 10 in Throwing
  6510 | D        | Paralysed by a vampire knight for 6 turns
  6524 | D        | Paralysed by a vampire knight for 4 turns
  6538 | D        | Paralysed by a vampire knight for 6 turns
  6699 | D        | Reached skill level 10 in Conjurations
  6710 | D        | Reached skill level 12 in Throwing
  6727 | D        | Reached skill level 10 in Air Magic
  6740 | D        | Reached XP level 21. HP: 193/265 MP: 33/33
  6758 | D        | Got an elven rune of Zot
  6819 | D        | Paralysed by a floating eye for 3 turns
  6835 | D        | Reached skill level 10 in Spellcasting
  6842 | D        | Noticed the Royal Jelly
  6845 | D        | Reached skill level 12 in Conjurations
  6852 | D        | Reached skill level 14 in Throwing
  6865 | D        | Killed the Royal Jelly
  6866 | D        | Reached skill level 12 in Air Magic
  6960 | D        | Reached skill level 16 in Throwing
  6968 | D        | Got a slimy rune of Zot
  6976 | D        | Reached skill level 12 in Spellcasting
  6979 | D        | Reached skill level 14 in Conjurations
  7106 | D        | Reached skill level 14 in Air Magic
  7167 | D        | HP: 34/265 [mummy priest/divine providence (15)]
  7184 | D        | Reached skill level 18 in Throwing
  7257 | D        | Noticed a royal mummy
  7267 | D        | Killed a royal mummy
  7390 | D        | Bought a tapered fluorescent wand for 208 gold pieces
  7390 | D        | Bought a fizzy coppery potion for 46 gold pieces
  7390 | D        | Bought a sharpened gold wand for 208 gold pieces
  7395 | D        | Noticed a royal mummy
  7395 | D        | Noticed a royal mummy
  7395 | D        | Noticed a royal mummy
  7395 | D        | Noticed a royal mummy
  7405 | D        | Killed a royal mummy
  7408 | D        | Killed a royal mummy
  7408 | D        | Killed a royal mummy
  7408 | D        | HP: 23/265 [torment (21)]
  7415 | D        | Killed a royal mummy
  7415 | D        | Noticed a royal mummy
  7428 | D        | Killed a royal mummy
  7429 | D        | Reached XP level 22. HP: 166/275 MP: 38/38
  7519 | D        | Got a golden rune of Zot
  8986 | D        | Bought a ring "Doothruh" {Wiz rN++ Dex+3} for 807 gold
                  | pieces
 10474 | D        | Reached skill level 24 in Throwing
 10512 | D        | Got an abyssal rune of Zot
 10647 | D        | Noticed Geryon
 10656 | D        | Killed Geryon
 10659 | D        | Noticed Antaeus
 10659 | D        | Found the +7 sceptre of Asmodeus
 10659 | D        | Noticed Asmodeus
 10674 | D        | Found the +6 sword of Cerebov {flame}
 10674 | D        | Noticed Cerebov
 10686 | D        | Killed Antaeus
 10687 | D        | Reached skill level 26 in Throwing
 10704 | D        | Killed Asmodeus
 10705 | D        | Reached skill level 27 in Throwing
 10705 | D        | Reached skill level 14 in Spellcasting
 10705 | D        | Reached skill level 10 in Evocations
 10726 | D        | Killed Cerebov
 10730 | D        | Got an icy rune of Zot
 10735 | D        | Found the +4 staff of Dispater
 10735 | D        | Noticed Dispater
 10736 | D        | Noticed Ereshkigal
 10819 | D        | Killed Dispater
 10820 | D        | Reached skill level 16 in Air Magic
 10928 | D        | Killed Ereshkigal
 10929 | D        | Reached skill level 14 in Evocations
 10954 | D        | Got an obsidian rune of Zot
 10958 | D        | Got a fiery rune of Zot
 10960 | D        | Noticed Lom Lobon
 10962 | D        | Got an iron rune of Zot
 10964 | D        | Noticed Gloorx Vloq
 10969 | D        | Noticed Mnoleg
 11199 | D        | Killed Lom Lobon
 11200 | D        | Reached skill level 10 in Necromancy
 11260 | D        | Killed Gloorx Vloq
 11261 | D        | Reached skill level 16 in Evocations
 11362 | D        | Killed Mnoleg
 11363 | D        | Reached skill level 16 in Spellcasting
 11363 | D        | Reached skill level 12 in Necromancy
 11392 | D        | Got a bone rune of Zot
 11396 | D        | Got a magical rune of Zot
 11400 | D        | Got a dark rune of Zot
 11404 | D        | Got a glowing rune of Zot
 11818 | D        | Got the Orb of Zot
 11897 | D        | Noticed Cagg the pandemonium lord
 12007 | D        | Killed Cagg the pandemonium lord
 12043 | D        | Reached XP level 23. HP: 284/284 MP: 42/42
 12100 | D        | Reached skill level 18 in Evocations
 12190 | D        | Reached skill level 18 in Air Magic
 12497 | D        | Reached skill level 14 in Necromancy
 12597 | D        | Noticed Bireosez the pandemonium lord
 12610 | D        | Killed Bireosez the pandemonium lord
 12745 | D        | Noticed Qaitil the pandemonium lord
 12770 | D        | Killed Qaitil the pandemonium lord
 12807 | D        | Gained mutation: You have a pair of small horns on your
                  | head. [evolution]
 12861 | D        | Reached skill level 20 in Evocations
 12886 | D        | Gained mutation: You are frail. (-10% HP) [a neqoxec]
 13081 | D        | Noticed Paosemuj the pandemonium lord
 13100 | D        | Killed Paosemuj the pandemonium lord
 13328 | D        | Reached skill level 16 in Necromancy
 13693 | D        | Escaped with the Orb!

Illustrated notes

Levels and vault maps discovered:
D:        linesprint [early_d, line_temple, items_1, d_10, items_2, lair_1,
          lair_end, items_3, orc_1, orc_end, items_4, d_15, swamp_1, shoals_1,
          snake_1, spider_1, d_20, vaults_1, items_5, swamp_end, shoals_end,
          snake_end, spider_end, vaults_end, d_27, items_6, zot_1, zot_end,
          crypt_end, forest_end, elf_end, slime_end, tomb_end, abyss_end,
          pan_hell_end]

Skill      XL: |  1  2  3  4  5  6  7  8  9 10 11 12 13 14 15 16 17 18 19 20 21 22 23 |
---------------+----------------------------------------------------------------------+-----
Unarmed Combat | 7 8 11 12 14 15 17 19 21 23 25 27 | 27.0
Shields        | 4 5 7 8 9 10 11 15 18 21 24 27 | 27.0
Evocations     | 1 5 8 17 21 | 21.2
Fighting       | 3 6 9 11 13 15 18 20 22 25 27 | 27.0
Armour         | 6 9 12 16 18 21 23 26 27 | 27.0
Dodging        | 6 9 13 16 19 21 24 26 27 | 27.0
Throwing       | 12 23 27 | 27.0
Spellcasting   | 9 13 16 17 | 17.9
Conjurations   | 11 15 | 15.9
Air Magic      | 10 14 17 19 | 19.2
Necromancy     | 12 16 | 16.1

Action                   |  1- 3 |  4- 6 |  7- 9 | 10-12 | 13-15 | 16-18 | 19-21 | 22-24 || total
-------------------------+-------+-------+-------+-------+-------+-------+-------+-------++-------
Melee: Unarmed           |    18 |    27 |    33 |   288 |   471 |   580 |   457 |   387 ||  2261
       Scimitar          |       |       |       |     6 |       |       |       |       ||     6
       Headbutt          |       |       |       |       |       |       |       |    20 ||    20
Throw: Large rock        |       |       |       |     1 |       |       |       |       ||     1
       Javelin           |       |       |       |       |       |       |    19 |       ||    19
Invok: Potion Petition   |       |       |     1 |     2 |     6 |     4 |    14 |    13 ||    40
       Call Merchant     |       |       |       |     3 |     3 |     3 |     1 |       ||    10
 Abil: End Transformatio |       |       |       |       |       |       |     2 |       ||     2
Evoke: Wand              |       |       |     6 |     4 |       |       |       |       ||    10
       Horn of Geryon    |       |       |       |       |       |       |       |     1 ||     1
  Use: Potion            |     3 |       |     3 |     1 |       |       |     4 |     1 ||    12
       Scroll            |       |       |       |       |     4 |     8 |     2 |     4 ||    18
 Stab: Petrified         |       |       |       |     3 |       |       |       |       ||     3
       Distracted        |       |       |       |     2 |     4 |     6 |     4 |       ||    16
       Invisible         |       |       |       |       |       |       |       |     2 ||     2
Armor: Robe              |     5 |     1 |     5 |    10 |       |       |       |       ||    21
       Ice dragon scales |       |       |       |    12 |    66 |       |       |       ||    78
       Gold dragon scale |       |       |       |       |    54 |   143 |   120 |    72 ||   389
       Skin              |       |       |       |       |       |    16 |     4 |       ||    20
Dodge: Dodged            |     6 |     8 |     6 |    40 |    70 |    67 |    47 |    59 ||   303
Block: Kite shield       |    11 |    13 |    26 |    64 |   158 |   217 |   204 |   166 ||   859

Table legend: (Time is in decaauts) A = Elapsed time spent in this place. B = Non-inter-level travel time spent in this place. C = Inter-level travel time spent in this place. D = Time resting spent in this place. E = Time spent auto-exploring this place. F = Levels seen in this place. G = Mean time per level. A B C D E F G +--------+--------+--------+--------+--------+-----+--------+ Total | 12554 | 9433 | 3121 | 1431 | 3674 | 1 | 12554.0 | Dungeon | 12554 | 9433 | 3121 | 1431 | 3674 | 1 | 12554.0 | +--------+--------+--------+--------+--------+-----+--------+

Top non-repeatable levels by time:
       D: 12554 daAuts
